 Dungeon Crawl Stone Soup version 0.28.0-53-g5a82cb258f (webtiles) character file.

Game seed: 1528651395385341582

224 raph the Conjurer (level 5, -1/41 HPs)
             Began as a Draconian Conjurer on July 5, 2022.
             Was an Initiate of Vehumet.
             Slain by a scorpion (6 damage)
             ... on level 3 of the Dungeon.
             The game lasted 00:06:42 (4684 turns).

raph the Conjurer (Draconian Conjurer)              Turns: 4684, Time: 00:06:42

Health: -1/41      AC:  6    Str: 10    XL:     5   Next: 67%
Magic:  5/9        EV: 12    Int: 20    God:    Vehumet [......]
Gold:   117        SH:  0    Dex:  9    Spells: 2/9 levels left

rFire   . . .      SeeInvis .   i - +1 whip (elec)
rCold   . . .      Faith    .   (no shield)
rNeg    . . .      Spirit   .   (armour unavailable)
rPois   .          Reflect  .   (helmet restricted)
rElec   .          Harm     .   (no cloak)
rCorr   .          Rampage  .   (no gloves)
Will    .....                   e - +0 pair of boots
Stlth   ++........              (no amulet)
HPRegen 0.13/turn               (no ring)
MPRegen 0.11/turn               (no ring)

@: no status effects
A: AC +5, unfitting armour, cold-blooded
a: Renounce Religion


You were on level 3 of the Dungeon.
You worshipped Vehumet.
Vehumet was noncommittal.
You visited 1 branch of the dungeon, and saw 4 of its levels.

You collected 117 gold pieces.

Inventory:

Hand Weapons
 a - a +0 dagger
 i - a +1 whip of electrocution (weapon)
Armour
 e - a +0 pair of boots (worn)
Scrolls
 d - 2 scrolls of fog
Potions
 b - a potion of attraction
 c - a potion of curing
 f - a potion of magic
 g - a potion of heal wounds
 h - a potion of might {unknown}
 k - a potion of ambrosia {unknown}


   Skills:
 - Level 2.1 Fighting
 - Level 2.5 Dodging
 - Level 2.7 Stealth
 - Level 2.7 Spellcasting
 + Level 5.3 Conjurations
 + Level 0.7 Hexes


You had 2 spell levels left.
You knew the following spells:

 Your Spells              Type           Power      Damage    Failure   Level
a - Magic Dart            Conj           96%        1d7       1%          1
b - Searing Ray           Conj           48%        2d6       2%          2
c - Fulminant Prism       Conj/Hex       7%         3d7       38%         4

Your spell library contained the following spells:

 Spells                   Type           Power      Damage    Failure   Level
 Beastly Appendage        Tmut           4%         N/A       14%         1
 Ensorcelled Hibernation  Hex/Ice        8%         N/A       19%         2
 Passwall                 Tmut/Erth      1%         N/A       22%         2
 Wereblood                Tmut           2%         N/A       22%         2
 Dazzling Flash           Conj/Hex       28%        N/A       13%         3
 Spider Form              Tmut/Pois      2%         N/A       41%         3
 Swiftness                Air            2%         N/A       41%         3
 Iskenderun's Mystic Bla  Conj/Tloc      13%        2d5       43%         4


Dungeon Overview and Level Annotations

Branches:
Dungeon (4/15)
 Temple: D:4-7

Altars:
Dithmenos
Okawaru
Vehumet


Innate Abilities, Weirdness & Mutations

Your plain brown scales are hard. (AC +5)
You cannot fit into any form of body armour.
You are cold-blooded and may be slowed by cold attacks.


Message History

The scorpion stings you but does no damage.
The scorpion stings you.
You are poisoned.
The scorpion poisons you!
You feel very sick.
You feel sick.
You feel sick.
You feel sick. The scorpion misses you.
You barely miss the scorpion.
The scorpion is heavily wounded.
You feel sick. The scorpion stings you.
You are more poisoned.
The scorpion poisons you!
The scorpion stings you but does no damage.
You feel very sick. The scorpion stings you.
You are lethally poisoned!
The scorpion poisons you!
* * * LOW HITPOINT WARNING * * *
You feel very sick.
You feel better.
The scorpion stings you but does no damage.
The scorpion closely misses you. The scorpion barely misses you.
There is a stone staircase leading up here.
The scorpion closely misses you.
You climb upwards.
There is a stone staircase leading down here.
The scorpion stings you. The scorpion stings you. The scorpion stings you.
* * * LOW HITPOINT WARNING * * *
The scorpion closely misses you.
You see here a +0 dagger.
The scorpion stings you.
* * * LOW HITPOINT WARNING * * *
The scorpion stings you.
* * * LOW HITPOINT WARNING * * *
The scorpion stings you.
You die...

#<# #.# #.# ######## #.#
#......#######.######## ######
####..............#......# #.....
..................#......# #.####
.....)............#......###.#...
..........).....@.#..............
...#+#..........s.#.........#..##
.....#.##'#+#.....#........<#..##
...#......#.#.....#.............#
...(.#.#..#......................
.....#................#..........
#....###.....#...#......#........
#................+......#####.(..
#................###....#####....


You could see a scorpion.

Vanquished Creatures
  A black bear (D:4)
  A hound (D:4)
  2 adders
  A worm (D:3)
  2 dart slugs
  5 orcs
  3 ball pythons
  9 endoplasms
  7 goblins
  5 hobgoblins
  8 jackals (D:1)
  9 kobolds
  2 bats (D:3)
  4 frilled lizards
  A quokka skeleton (D:2)
  6 rats
66 creatures vanquished.

Vanquished Creatures (others)
  7 plants (D:3)
7 creatures vanquished.

Grand Total: 73 creatures vanquished

Notes
Turn   | Place    | Note
-------+----------+-------------------------------------------
     0 | D:1      | raph the Draconian Conjurer began the quest for the Orb.
     0 | D:1      | Reached XP level 1. HP: 14/14 MP: 3/3
   277 | D:1      | Reached XP level 2. HP: 22/22 MP: 3/5
   316 | D:1      | Learned a level 2 spell: Searing Ray
   843 | D:1      | Reached XP level 3. HP: 15/27 MP: 2/6
   873 | D:1      | Reached skill level 1 in Fighting
  3726 | D:3      | Reached XP level 4. HP: 35/35 MP: 1/7
  4028 | D:3      | Found an iron altar of Okawaru.
  4028 | D:3      | Found a faded altar of an unknown god.
  4036 | D:3      | Found a shadowy altar of Dithmenos.
  4038 | D:3      | Found a radiant altar of Vehumet.
  4039 | D:3      | Found a faded altar of an unknown god.
  4056 | D:3      | Became a worshipper of Vehumet
  4418 | D:4      | Noticed a black bear
  4431 | D:4      | Killed a black bear
  4432 | D:4      | Reached skill level 5 in Conjurations
  4432 | D:4      | Reached XP level 5. HP: 37/41 MP: 0/9
  4461 | D:4      | Learned a level 4 spell: Fulminant Prism
  4684 | D:3      | Slain by a scorpion

Illustrated notes

Levels and vault maps discovered:
D:1:      heliophobic_arrival_henge, layout_loops_cross
D:2:      layout_basic, grunt_decor_clamped
D:3:      wad_lake_hut, layout_basic, chequers_temple_overflow_minitemple
D:4:      layout_basic, makhleb_heckhound_becter

Skill      XL: |  1  2  3  4 |
---------------+-------------+-----
Dodging        | 2 |  2.5
Stealth        | 2 |  2.7
Fighting       | 1 2 |  2.1
Conjurations   | 5 |  5.3
Spellcasting   | |  2.7
Hexes          | |  0.7

Action                   |  1- 3 |  4- 6 || total
-------------------------+-------+-------++-------
Melee: Dagger            |    39 |       ||    39
       Tailslap          |     5 |       ||     5
       Whip              |    19 |     4 ||    23
 Cast: Magic Dart        |    44 |    16 ||    60
       Searing Ray       |    22 |     9 ||    31
  Use: Scroll            |    10 |     1 ||    11
       Potion            |       |     1 ||     1
 Stab: Sleeping          |     3 |       ||     3
Armor: Skin              |    10 |     6 ||    16
Dodge: Dodged            |    44 |    10 ||    54
